 Dungeon Crawl Stone Soup version 0.30.1-4-g462c640d31 (webtiles) character file.

Game seed: 11262064921690538098

2345 Zeor the Carver (level 9, -3/72 HPs)
             Began as a Black Draconian Reaver on Sept 6, 2023.
             Slain by a killer bee (6 damage)
             ... on level 7 of the Dungeon.
             The game lasted 00:20:39 (6974 turns).

Zeor the Carver (Black Draconian Reaver)            Turns: 6974, Time: 00:20:40

Health: -3/72      AC:  8    Str: 14    XL:     9   Next: 20%
Magic:  3/16       EV: 13    Int: 15    God:
Gold:   93         SH:  0    Dex: 13    Spells: 10/18 levels left

rFire   . . .        a - +0 long sword (spect)
rCold   . . .        (no shield)
rNeg    . . .        (body armour unavailable)
rPois   .            (helmet restricted)
rElec   +            e - +0 cloak
rCorr   .            (no gloves)
SInv    .            (no boots)
Will    .....        (no amulet)
Stlth   ++           (no ring)
HPRegen 0.32/turn    (no ring)
MPRegen 0.15/turn

%: no passive effects
@: short of breath, attractive
A: breathe lightning, AC +7, unfitting armour, electricity resistance,
cold-blooded
a: Breathe Lightning


You were on level 7 of the Dungeon.
You visited 1 branch of the dungeon, and saw 7 of its levels.

You collected 322 gold pieces.
You spent 229 gold pieces at shops.

Inventory:

Hand Weapons
 a - a +0 spectral long sword (weapon)
 j - a +0 falchion
 m - the +9 whip of Nightmares {chaos, Fly Str+4 Int+2}
   (You found it on level 4 of the Dungeon)

   Str:       It affects your strength (+4).
   Int:       It affects your intelligence (+2).
   Fly:       It grants you flight.
Missiles
 b - 6 boomerangs of dispersal (quivered)
 i - 5 poisoned darts
 x - 2 curare-tipped darts
Armour
 e - a +0 cloak (worn)
Wands
 c - a wand of iceblast (4)
 u - a wand of charming (38)
 w - a wand of light (7)
Scrolls
 n - 3 scrolls of teleportation
 q - a scroll of blinking
 r - 2 scrolls of immolation
 s - a scroll of fog
 t - a scroll of identify
 v - a scroll of brand weapon
Potions
 d - 2 potions of invisibility
 g - a potion of curing
 h - a potion of might
 k - a potion of berserk rage
 l - a potion of lignification
 o - a potion of flight
 p - 3 potions of haste
 z - a potion of magic {unknown}


   Skills:
 + Level 4.5 Fighting
 * Level 8.8 Long Blades
 + Level 0.4 Maces & Flails
 + Level 0.4 Throwing
 + Level 4.2 Dodging
 + Level 2.9 Stealth
 * Level 5.2 Spellcasting
 + Level 3.7 Conjurations
 + Level 2.0 Translocations
 + Level 0.5 Ice Magic


You had 10 spell levels left.
You knew the following spells:

 Your Spells              Type           Power      Damage    Failure   Level
h - Hailstorm             Conj/Ice       10%        3d5       21%         3
k - Kiss of Death         Conj/Necr      36%        2d8       8%          1
r - Searing Ray           Conj           30%        2d5       5%          2
s - Momentum Strike       Conj/Tloc      24%        3d8       8%          2

Your spell library contained the following spells:

 Spells                   Type           Power      Damage    Failure   Level
 Magic Dart               Conj           60%        1d6       3%          1
 Cigotuvi's Dreadful Rot  Necr/Pois/Air  6%         N/A       24%         2
 Inner Flame              Hex/Fire       3%         N/A       43%         3
 Flame Wave               Conj/Fire      9%         2d6       58%         4
 Fulminant Prism          Conj/Hex       4%         3d5       58%         4
 Sticky Flame             Conj/Fire      9%         2d3       58%         4
 Dispel Undead            Necr           4%         3d7       83%         4
 Death Channel            Necr           2%         N/A       100%        6


Dungeon Overview and Level Annotations

Branches:
Dungeon (7/15)             Temple (0/1) D:7

Altars:
Cheibriados
Dithmenos
Elyvilon
Kikubaaqudgha
Zin
The Shining One

Shops:
D:2 [   D:3 *   D:6 ?

Annotations:
D:6 1 runed translucent door, GrumpyGrim72's ghost, novice DsGl
D:7 3 runed translucent doors, SirLogeyBear's ghost, novice HOBe


Innate Abilities, Weirdness & Mutations

You can breathe wild blasts of lightning.
Your glossy black scales are hard. (AC +7)
You cannot fit into any form of body armour.
You are resistant to electric shocks. (rElec)
You are cold-blooded and may be slowed by cold attacks.


Message History

The killer bee stings you.
* * * LOW HITPOINT WARNING * * *
Casting: Momentum Strike (safe; 8% risk of failure)
Confirm with . or Enter, or press ? or * to list all spells.
Casting: Hailstorm (dangerous; 21% risk of failure)
Press: ? - help, Dir - look around, f - activate A cannonade of hail descends around you!
The hail misses the killer bee. x2
Your +0 spectral long sword disappears.
You feel sick. The killer bee closely misses you. The killer bee stings you!
* * * LOW HITPOINT WARNING * * *
You feel better. The killer bee closely misses you.
The killer bee completely misses you.
Casting: Hailstorm (dangerous; 21% risk of failure)
Confirm with . or Enter, or press ? or * to list all spells.
Okay, then.
Casting: Hailstorm (dangerous; 21% risk of failure)
Confirm with . or Enter, or press ? or * to list all spells.
Aiming: Searing Ray (safe; 5% risk of failure)
Press: ? - help, Shift-Dir - straight line, f - killer bee
Aim: a killer bee (51% to hit)
The searing ray hits the killer bee.
You kill the killer bee!
The searing ray misses the killer bee. x2 (Press . to maintain the ray.)
The killer bee closely misses you.
The searing ray hits the killer bee!
The killer bee is heavily wounded.
The killer bee stings you but does no damage.
The killer bee closely misses you. The killer bee stings you!
* * * LOW HITPOINT WARNING * * *
The killer bee closely misses you.
The searing ray hits the killer bee.
The killer bee is almost dead.
The killer bee misses you. The killer bee stings you.
* * * LOW HITPOINT WARNING * * *
The killer bee stings you!
* * * LOW HITPOINT WARNING * * *
The killer bee stings you.
You die... ▒▒▒▒▒∙ ∙∙▒▒▒ ∙○°☼∙☼ ▒▒ ∙∙∙∙∙∙ ∙∙∙∙°∙ ∙∙▒∙▒ ∙∙∙∙∙∙ ∙○∙∙ ▒∙▒∙▒ ∙∙∙∙∙

∙∙∙ ▒∙▒∙▒
▒∙▒∙∙∙
▒▒▒∙▒▒▒∙▒○▒
▒∙▒∙∙∙
▒∙○yy○∙∙°∙▒


∙∙∙∙∙∙ ▒▒☼°∙d°°°°∙▒▒▒∙∙∙∙∙∙∙∙ ∙☼°○○○∙°○°☼∙∙☼○∙∙∙∙∙∙∙∙∙ °○∙∙▒☼○☼▒°☼☼○▒▒▒∙ ∙∙∙∙∙∙
°∙∙ ▒☼○°▒☼∙☼∙▒ ∙∙∙∙∙∙ ○ ▒☼∙∙▒▒▒∙○▒ ∙∙∙∙∙∙ ∙°∙☼○∙∙∙○☼▒ ∙∙∙∙∙∙ ∙☼○○>∙∙⌠∙∙☼▒ ∙∙∙∙∙∙
○☼∙°∙○∙∙∙∙∙▒ ▒∙▒▒▒▒ ▒▒▒▒▒▒ ▒∙∙∙▒▒▒∙∙▒ ▒∙ You could see 2 killer bees.

Vanquished Creatures
  Joseph (D:7)
  Eustachio (D:4)
  2 steam dragons (D:6)
  A water moccasin (D:6)
  An ice beast (D:6)
  An ogre (D:5)
  A centaur (D:5)
  2 phantoms
  2 scorpions
  4 killer bees (D:7)
  5 hounds
  2 jellies
  A gnoll bouda (D:6)
  2 orc priests
  2 sleepcaps
  An iguana (D:5)
  2 orc wizards (D:6)
  Ijyb (D:3)
  Natasha (twice) (D:2)
  A mummy (D:4)
  12 adders
  4 gnolls (D:6)
  A shadow imp (D:4)
  2 white imps
  3 ufetubi
  3 worms (D:3)
  A dart slug (D:4)
  17 orcs
  3 ball pythons
  5 bats
  7 endoplasms
  A giant cockroach (D:1)
  12 goblins
  9 hobgoblins
  2 quokkas
  A frilled lizard (D:1)
  5 kobolds
  6 rats
129 creatures vanquished.

Vanquished Creatures (collateral kills)
  A bat (D:2)
1 creature vanquished.

Grand Total: 130 creatures vanquished

Notes
Turn   | Place    | Note
-------+----------+-------------------------------------------
     0 | D:1      | Zeor the Draconian Reaver began the quest for the Orb.
     0 | D:1      | Reached XP level 1. HP: 17/17 MP: 3/3
   206 | D:1      | Reached XP level 2. HP: 24/24 MP: 5/5
   222 | D:1      | Learned a level 2 spell: Momentum Strike
   563 | D:1      | Found a faded altar of an unknown god.
   800 | D:2      | Reached XP level 3. HP: 22/30 MP: 3/6
   925 | D:2      | Noticed Natasha
   928 | D:2      | Killed Natasha
  1021 | D:2      | Found Kunu's Armour Shop.
  1149 | D:2      | Noticed Natasha
  1159 | D:2      | Killed Natasha
  1160 | D:2      | Reached skill level 4 in Long Blades
  1160 | D:2      | Reached XP level 4. HP: 20/37 MP: 4/7
  2024 | D:3      | Learned a level 3 spell: Hailstorm
  2154 | D:3      | Reached XP level 5. HP: 42/42 MP: 8/8
  2267 | D:3      | Found a glowing silver altar of Zin.
  2267 | D:3      | Found a white marble altar of Elyvilon.
  2267 | D:3      | Found a glowing golden altar of the Shining One.
  2288 | D:3      | Found Faylet's Assorted Antiques.
  2295 | D:3      | Bought a scroll labelled ZAUDYWKEDD for 25 gold pieces
  2295 | D:3      | Bought a fuming white potion for 22 gold pieces
  2376 | D:3      | Noticed Ijyb
  2394 | D:3      | Killed Ijyb
  2583 | D:3      | Reached skill level 5 in Long Blades
  3091 | D:4      | Noticed a phantom
  3099 | D:4      | Killed a phantom
  3100 | D:4      | Reached XP level 6. HP: 47/50 MP: 7/10
  3165 | D:4      | Noticed Eustachio
  3474 | D:4      | Killed Eustachio
  3475 | D:4      | Reached skill level 6 in Long Blades
  3475 | D:4      | Reached skill level 1 in Translocations
  3475 | D:4      | Your scales start taking on a glossy black colour.
  3475 | D:4      | Reached XP level 7. HP: 35/57 MP: 8/12
  3475 | D:4      | Gained mutation: You are resistant to electric shocks.
                  | (rElec) [Black Draconian growth]
  3668 | D:4      | Identified the +9 whip of Nightmares {chaos, Fly Str+4
                  | Int+2}
  4185 | D:4      | Found a snail-covered altar of Cheibriados.
  4194 | D:4      | Reached skill level 1 in Stealth
  4473 | D:5      | Entered Level 5 of the Dungeon
  4522 | D:5      | Found an ancient bone altar of Kikubaaqudgha.
  5154 | D:6      | Reached XP level 8. HP: 49/66 MP: 4/13
  5186 | D:6      | Reached skill level 7 in Long Blades
  5382 | D:6      | Identified the +0 leather armour of Eye-covered Salvation
                  | {Rampage}
  5432 | D:6      | Found a shadowy altar of Dithmenos.
  5644 | D:6      | Found a runed translucent door.
  5644 | D:6      | Noticed GrumpyGrim72's ghost (novice DsGl)
  5975 | D:6      | Learned a level 2 spell: Searing Ray
  6070 | D:6      | Identified the +2 chain mail "Sulamuh" {rF+}
  6151 | D:6      | Reached skill level 8 in Long Blades
  6223 | D:6      | Found Burowus's Magic Scroll Shoppe.
  6226 | D:6      | Bought a scroll of teleportation for 42 gold pieces
  6226 | D:6      | Bought a scroll of fog for 56 gold pieces
  6226 | D:6      | Bought a scroll of identify for 28 gold pieces
  6227 | D:6      | Bought a scroll of identify for 28 gold pieces
  6227 | D:6      | Bought a scroll of identify for 28 gold pieces
  6324 | D:7      | Found a runed translucent gate.
  6324 | D:7      | Found a runed translucent gate.
  6324 | D:7      | Found a runed translucent gate.
  6327 | D:7      | Noticed SirLogeyBear's ghost (novice HOBe)
  6382 | D:7      | Reached skill level 5 in Spellcasting
  6539 | D:7      | Noticed Joseph
  6556 | D:7      | Killed Joseph
  6557 | D:7      | Reached XP level 9. HP: 8/72 MP: 9/16
  6938 | D:7      | Found a staircase to the Ecumenical Temple.
  6974 | D:7      | HP: 3/72 [killer bee (7)]
  6974 | D:7      | Slain by a killer bee

Illustrated notes

Levels and vault maps discovered:
D:1:      dpeg_arrival_rooms_with_view, layout_rooms,
          dilly_ecumenical_altar_fadedgnrine, kennysheep_minor_cross
D:2:      layout_basic, serial_shops, shop, uniq_natasha
D:3:      layout_basic, good_gods_mini_temple, serial_shops, shop, uniq_ijyb
D:4:      layout_layer_cave, chei_slow_surprise, uniq_eustachio
D:5:      layout_cave_pools, kiku_gazebo_garden_becter
D:6:      layout_basic, amcnicky_altar_gilded, serial_shops,
          nicolae_shop_real_fake_doors, gammafunk_ghost_grave
D:7:      layout_basic, minmay_temple_entry_junction_2, gammafunk_ghost_split,
          chequers_serial_rivers_large_a, uniq_joseph

Skill      XL: |  1  2  3  4  5  6  7  8 |
---------------+-------------------------+-----
Dodging        | 2 3 4 |  4.2
Long Blades    | 4 5 6 8 |  8.8
Spellcasting   | 3 5 |  5.2
Fighting       | 3 4 |  4.5
Translocations | 1 2 |  2.0
Stealth        | 1 2 |  2.9
Maces & Flails | |  0.4
Throwing       | |  0.4
Conjurations   | |  3.7
Ice Magic      | |  0.5

Action                     |  1- 3 |  4- 6 |  7- 9 || total
---------------------------+-------+-------+-------++-------
  Melee: Falchion          |    92 |    98 |       ||   190
         Tailslap          |    11 |    18 |    33 ||    62
         Long sword        |       |    27 |   150 ||   177
         Whip              |       |       |     7 ||     7
  Throw: Dart              |       |     2 |       ||     2
   Cast: Momentum Strike   |    10 |    16 |    18 ||    44
         Kiss of Death     |       |     2 |     1 ||     3
         Hailstorm         |       |       |     6 ||     6
         Searing Ray       |       |       |     3 ||     3
Ability: Breathe Lightning |       |       |     2 ||     2
    Use: Scroll            |     4 |     8 |     7 ||    19
         Potion            |     2 |     1 |     5 ||     8
   Stab: Sleeping          |     1 |     2 |     1 ||     4
         Distracted        |       |       |     1 ||     1
 Armour: Skin              |    32 |    30 |    56 ||   118
  Dodge: Dodged            |    66 |    68 |   123 ||   257
